 Dungeon Crawl Stone Soup version 0.27-a0-1202-ge72e49191c (webtiles) character file.

Game seed: 16296764378109962708

58 Morbidden the Skirmisher (level 3, 0/29 HPs)
             Began as a Demonspawn Fighter on June 4, 2021.
             Slain by an orc
             ... wielding a +0 trident
              (6 damage)
             ... on level 4 of the Dungeon.
             The game lasted 00:01:45 (1280 turns).

Morbidden the Skirmisher (Demonspawn Fighter)       Turns: 1280, Time: 00:01:46

Health: 0/29       AC:  6    Str: 16    XL:     3   Next: 76%
Magic:  3/3        EV:  7    Int: 10    God:
Gold:   30         SH: 12    Dex: 12    Spells: 2/2 levels left

rFire    . . .     SeeInvis .   b - +1 short sword (flame)
rCold    . . .     Faith    .   c - +0 kite shield
rNeg     . . .     Spirit   .   g - +0 scale mail
rPois    .         Reflect  .   (no helmet)
rElec    .         Harm     .   (no cloak)
rCorr    .         Rampage  .   (no gloves)
Will     .....                  (no boots)
Stlth    ..........             (no amulet)
HPRegen  0.09/turn              (no ring)
MPRegen  0.08/turn              (no ring)

@: flying
A: condensation shield
a: no special abilities


You were on level 4 of the Dungeon.
You visited 1 branch of the dungeon, and saw 3 of its levels.

You collected 30 gold pieces.

Inventory:

Hand Weapons
 a - a +0 long sword
 b - a +1 short sword of flaming (weapon)
Armour
 c - a +0 kite shield (worn)
 g - a +0 scale mail (worn)
Scrolls
 e - a scroll of blinking {unknown}
 i - a scroll of identify {unknown}
Potions
 d - a potion of might
 h - a potion of heal wounds {unknown}


   Skills:
 * Level 3.5 Fighting
 + Level 0.5(1.5) Short Blades
 * Level 2.2(2.3) Long Blades
 + Level 3.1 Armour
 * Level 0.3 Dodging
 + Level 3.0 Shields


You had 2 spell levels left.
You didn't know any spells.
Your spell library was empty.

Dungeon Overview and Level Annotations

Branches:
Dungeon (2/15)

Altars:
Qazlal

Annotations:
D:2 Sigmund


Innate Abilities, Weirdness & Mutations

A meltable shield of frost defends you. (SH +4)


Message History

You block the orc's attack. The iguana barely misses you.
You hit the iguana. You burn the iguana.
The iguana is moderately wounded.
The orc barely misses you. The iguana bites you.
The orc hits you from afar with a +0 trident.
You block the iguana's attack.
You barely miss the iguana.
The iguana is moderately wounded.
The orc hits you from afar with a +0 trident.
You block the iguana's attack.
You closely miss the iguana.
The iguana is moderately wounded.
You block the orc's attack. The iguana barely misses you.
You hit the iguana but do no damage.
The iguana is moderately wounded.
You block the orc's attack. You block the iguana's attack.
The orc barely misses you. The iguana bites you!
You hit the iguana. You burn the iguana.
The iguana is almost dead.
The orc hits you from afar with a +0 trident.
The iguana bites you but does no damage.
You hit the iguana but do no damage.
The iguana is almost dead.
You block the orc's attack. The iguana bites you!
* * * LOW HITPOINT WARNING * * *
You barely miss the iguana.
The iguana is almost dead.
You block the orc's attack. The iguana barely misses you.
You block the orc's attack. The iguana barely misses you.
Unknown command.
Unknown command.
You barely miss the iguana.
The iguana is almost dead.
You block the orc's attack. You block the iguana's attack.
Unknown command.
It was a potion of flight.
You feel very buoyant.
You fly up into the air.
The orc hits you from afar with a +0 trident.
You die...

##### .. ...##
.. .... #
..###.. #
#.#.#[#.#.#
#...#.#@..# ..
###gol###....#
...# #?#.#g#(#
#..#
..g##.#K#.##.
# ###..#.#.#..
)..#.#.#.#..|
##..#.#g#..###
...##l#.#.##.
...# #(#o#.#[#
#


You could see an iguana, an orc, 2 goblins and a kobold.

Vanquished Creatures
  3 adders
  A ball python (D:2)
  2 endoplasms (D:1)
  A giant cockroach (D:1)
  2 goblins
  3 hobgoblins
  3 jackals (D:2)
  4 kobolds
  A quokka (D:1)
  3 bats (D:1)
  4 frilled lizards
  4 rats (D:2)
31 creatures vanquished.

Notes
Turn   | Place    | Note
-------+----------+-------------------------------------------
     0 | D:1      | Morbidden the Demonspawn Fighter began the quest for the
                  | Orb.
     0 | D:1      | Reached XP level 1. HP: 18/18 MP: 1/1
   206 | D:1      | Gained mutation: A meltable shield of frost defends you.
                  | (SH +4) [demonic ancestry]
   206 | D:1      | Reached XP level 2. HP: 16/24 MP: 2/2
   579 | D:2      | Noticed Sigmund
  1105 | D:2      | Found a stormy altar of Qazlal.
  1148 | D:2      | Reached XP level 3. HP: 29/29 MP: 3/3
  1251 | D:2      | You fall into a shaft and drop 2 floors!
  1280 | D:4      | Slain by an orc

Illustrated notes

Levels and vault maps discovered:
D:1:      minmay_arrival_open_corners, layout_rooms
D:2:      layout_loops_ring, basic_altar, basic_ecumenical_altar,
          chequers_serial_rivers_large_a, uniq_sigmund
D:4:      layout_rooms, grunt_temple_overflow_open, serial_shops,
          nicolae_shop_waterfront, minmay_starry_boxes, uniq_blork_the_orc

Skill      XL: |  1  2  3 |
---------------+----------+-----
Long Blades    | 2 |  2.2
Shields        | 3 |  3.0
Armour         | 3 |  3.1
Fighting       | |  3.5
Short Blades   | |  0.5
Dodging        | |  0.3

Action                   || total
-------------------------++-------
Melee: Long sword        ||    24
       Short sword       ||    83
  Use: Potion            ||     1
Armor: Scale mail        ||    44
Dodge: Dodged            ||    32
Block: Kite shield       ||    74
       Rpst.: Long sword ||     4

Table legend: (Time is in decaauts)
 A = Elapsed time spent in this place.
 B = Non-inter-level travel time spent in this place.
 C = Inter-level travel time spent in this place.
 D = Time resting spent in this place.
 E = Time spent auto-exploring this place.
 F = Levels seen in this place.
 G = Mean time per level.
                   A        B        C        D        E       F      G
               +--------+--------+--------+--------+--------+-----+--------+
         Total |   1317 |   1272 |     45 |    395 |    647 |   3 |  439.0 |
       Dungeon |   1317 |   1272 |     45 |    395 |    647 |   3 |  439.0 |
               +--------+--------+--------+--------+--------+-----+--------+

Top non-repeatable levels by time:
     D:1: 772 daAuts
     D:2: 510 daAuts
     D:4: 34 daAuts
